 Dungeon Crawl Stone Soup version 0.31-a0-167-g1c394c0614 (webtiles) character file.

Game seed: 7976877456759748568

148 qw the Shooter (level 5, -18/49 HPs)
             Began as a Naga Hunter on June 14, 2023.
             Demolished by Duvessa
             ... wielding a +2 rapier of speed
              (22 damage)
             ... on level 3 of the Dungeon.
             The game lasted 00:01:00 (2535 turns).

qw the Shooter (Naga Hunter)                        Turns: 2535, Time: 00:01:00

Health: -18/49     AC:  4    Str: 19    XL:     5   Next: 30%
Magic:  5/5        EV:  9    Int:  9    God:
Gold:   158        SH:  0    Dex: 17    Spells: 4/4 levels left

rFire   . . .        Y - +0 shortbow
rCold   . . .        (shield currently unavailable)
rNeg    . . .        c - +0 leather armour
rPois   +            h - +0 helmet
rElec   .            (no cloak)
rCorr   .            (no gloves)
SInv    +            (no barding)
Will    .....        r - amulet of faith
Stlth   ++           g - +4 ring of slaying {mikee}
HPRegen 0.28/turn    i - +6 ring of strength
MPRegen 0.09/turn

%: faith
@: about to teleport, short of breath, very slow
A: AC +1, large, see invisible, deformed body, poison resistance, slowness 2,
spit poison 1, naga tail 1
a: Spit Poison


You were on level 3 of the Dungeon.
You visited 1 branch of the dungeon, and saw 4 of its levels.

You collected 158 gold pieces.


Innate Abilities, Weirdness & Mutations

Your serpentine skin is tough. (AC +1)
You have supernaturally acute eyesight. (SInv)
Armour fits poorly on your strangely shaped body.
Your system is resistant to poisons. (rPois)
You cover ground very slowly.
You can spit poison.
You have a snake-like lower body.


   Skills:
 - Level 3.0 Fighting
 + Level 5.4 Ranged Weapons
 - Level 1.5 Dodging
 - Level 1.5 Stealth


You had 4 spell levels left.
You didn't know any spells.
Your spell library was empty.

Inventory:

Hand Weapons
 Y - a +0 shortbow (weapon)
Armour
 c - a +0 leather armour (worn)
 h - a +0 helmet (worn)
Jewellery
 a - a ring of ice
 f - a ring of fire
 g - a +4 ring of slaying (left hand) {mikee}
 i - a +6 ring of strength (right hand)
 r - an amulet of faith (around neck)
Scrolls
 j - 2 scrolls of teleportation
 q - a scroll of identify
Potions
 b - a potion of haste
 d - a potion of heal wounds {unknown}
 e - a potion of magic {unknown}
 k - a potion of mutation {unknown}
 l - a potion of ambrosia {unknown}
 m - a potion of brilliance {unknown}
 n - a potion of might {unknown}
 o - a potion of degeneration {unknown}
 t - a potion of curing {unknown}

Dungeon Overview and Level Annotations

Branches:
Dungeon (4/15)
 Temple: D:4-7

Altars:

Annotations:
D:3 Duvessa


Message History

Duvessa shouts!
Duvessa goes berserk!
The endoplasm hits you.
2509 ||| STAIRDANCE The endoplasm barely misses you.
You climb upwards.
There is a stone staircase leading down here.
You shoot an arrow. The arrow hits the endoplasm!
You kill the endoplasm!
You start resting.
HP restored.
Done exploring.
(D) Dungeon
Where to? (* - list waypoints, Enter - D:4, ? - help)
What level of the Dungeon? (default 1, ? - help)
You climb downwards.
You hear the hiss of flowing sand.
There is an entrance to an ossuary on this level.
Hurry and find it before the portal is buried!
Level annotation: Duvessa You hear the slow hiss of a distant avalanche of sand.
Duvessa hits you with a +2 rapier of speed!
Duvessa hits you but does no damage.
Duvessa hits you with a +2 rapier of speed.
There is a stone staircase leading up, spattered with blood here.
2532 ||| STAIRDANCE Duvessa hits you with a +2 rapier of speed!
Duvessa barely misses you. Duvessa hits you but does no damage.
You climb upwards.
There is a stone staircase leading down here.
2534 ||| INVOKING Spit Poison.
Aiming: Spit Poison (1% risk of failure)
Press: ? - help, Shift-Dir - straight line, f - Duvessa The splash of poison hits Duvessa.
Duvessa is lightly wounded.
Duvessa hits you with a +2 rapier of speed! x2
2535 ||| READING 3 scrolls of teleportation.
As you read the scroll of teleportation, it crumbles to dust.
You feel strangely unstable. Duvessa closely misses you.
Duvessa hits you with a +2 rapier of speed!!
You die...

############# ###########
#...........#####..........
#......(....##....#########
#...........##.############
#.........@................
###..........e##.............
#....#######[..#.............
#.##.# ###.#.)...........
#.##.#########.#.............
#....#.........#.#####<#.....
#....#.#########.# ########
##.#.#.#####.....######......
#)#<#..)..#.###......#......


You could see Duvessa (berserk).

Vanquished Creatures
  Dowan (D:4)
  Robin (D:2)
  An adder (D:2)
  2 worms (D:2)
  2 dart slugs
  An orc (D:3)
  4 ball pythons
  4 endoplasms
  4 giant cockroaches
  8 goblins
  7 hobgoblins
  6 jackals
  2 quokkas (D:1)
  2 frilled lizards
  11 kobolds
  8 rats
64 creatures vanquished.

Notes
Turn   | Place    | Note
-------+----------+-------------------------------------------
     0 | D:1      | qw the Naga Hunter began the quest for the Orb.
     0 | D:1      | Reached XP level 1. HP: 19/19 MP: 1/1
     0 | D:1      | 0 ||| qw: Version: 0.2-a-29-g1fa15c8
     0 | D:1      | 0 ||| qw: Game counter: 5042
     0 | D:1      | 0 ||| qw: Always use a shield: true
     0 | D:1      | 0 ||| qw: God list: Okawaru
     0 | D:1      | 0 ||| qw: Allow faded altars: false
     0 | D:1      | 0 ||| qw: Do Orc after D:15 true
     0 | D:1      | 0 ||| qw: Do second Lair branch before Depths: true
     0 | D:1      | 0 ||| qw: Lair rune preference: random
     0 | D:1      | 0 ||| qw: Plans: Normal
     0 | D:1      | 0 ||| PLANNING D:1-11
   130 | D:1      | 130 ||| INVOKING Spit Poison.
   139 | D:1      | 139 ||| FLEEEEING.
   141 | D:1      | 141 ||| FLEEEEING.
   144 | D:1      | 144 ||| FLEEEEING.
   145 | D:1      | 145 ||| FLEEEEING.
   146 | D:1      | 146 ||| FLEEEEING.
   179 | D:1      | 179 ||| INVOKING Spit Poison.
   180 | D:1      | 180 ||| INVOKING Spit Poison.
   184 | D:1      | 184 ||| INVOKING Spit Poison.
   185 | D:1      | Reached skill level 4 in Ranged Weapons
   185 | D:1      | Reached XP level 2. HP: 26/26 MP: 2/2
   211 | D:1      | 211 ||| INVOKING Spit Poison.
   251 | D:1      | 251 ||| INVOKING Spit Poison.
   257 | D:1      | 257 ||| INVOKING Spit Poison.
   283 | D:1      | 283 ||| INVOKING Spit Poison.
   288 | D:1      | 288 ||| INVOKING Spit Poison.
   294 | D:1      | 294 ||| INVOKING Spit Poison.
   347 | D:1      | 347 ||| INVOKING Spit Poison.
   364 | D:1      | 364 ||| INVOKING Spit Poison.
   370 | D:1      | 370 ||| INVOKING Spit Poison.
   390 | D:1      | 390 ||| INVOKING Spit Poison.
   391 | D:1      | 391 ||| INVOKING Spit Poison.
   486 | D:1      | 486 ||| INVOKING Spit Poison.
   555 | D:1      | 555 ||| INVOKING Spit Poison.
   561 | D:1      | 561 ||| INVOKING Spit Poison.
   562 | D:1      | Reached XP level 3. HP: 32/32 MP: 3/3
   566 | D:1      | 566 ||| INVOKING Spit Poison.
   649 | D:1      | 649 ||| INVOKING Spit Poison.
   781 | D:1      | 781 ||| UPGRADING to +0 helmet.
   786 | D:1      | 786 ||| READING scroll labelled UGRODI QEUC.
   787 | D:1      | 787 ||| READING 2 scrolls labelled NUIPRUVEMU.
   792 | D:1      | 792 ||| READING scroll labelled ZOFUIC KUAME.
   793 | D:1      | 793 ||| DRINKING 2 viscous purple potions.
   794 | D:1      | 794 ||| DROPPING scroll of butterflies.
   795 | D:1      | 795 ||| DROPPING potion of attraction.
   832 | D:2      | 832 ||| INVOKING Spit Poison.
   862 | D:2      | 862 ||| INVOKING Spit Poison.
   871 | D:2      | 871 ||| INVOKING Spit Poison.
   925 | D:2      | Noticed Robin
   926 | D:2      | 926 ||| Stepping ~*~*~tactically~*~*~ (outnumbered).
   927 | D:2      | 927 ||| INVOKING Spit Poison.
   930 | D:2      | 930 ||| INVOKING Spit Poison.
   935 | D:2      | 935 ||| INVOKING Spit Poison.
   976 | D:2      | 976 ||| Stepping ~*~*~tactically~*~*~ (outnumbered).
   978 | D:2      | 978 ||| Stepping ~*~*~tactically~*~*~ (outnumbered).
   980 | D:2      | 980 ||| Stepping ~*~*~tactically~*~*~ (outnumbered).
   982 | D:2      | 982 ||| Stepping ~*~*~tactically~*~*~ (outnumbered).
   984 | D:2      | 984 ||| Stepping ~*~*~tactically~*~*~ (outnumbered).
   986 | D:2      | 986 ||| INVOKING Spit Poison.
   991 | D:2      | 991 ||| INVOKING Spit Poison.
   992 | D:2      | Killed Robin
   995 | D:2      | 995 ||| INVOKING Spit Poison.
  1006 | D:2      | 1006 ||| INVOKING Spit Poison.
  1012 | D:2      | 1012 ||| INVOKING Spit Poison.
  1074 | D:2      | 1074 ||| INVOKING Spit Poison.
  1148 | D:2      | 1148 ||| INVOKING Spit Poison.
  1151 | D:2      | 1151 ||| INVOKING Spit Poison.
  1154 | D:2      | 1154 ||| INVOKING Spit Poison.
  1351 | D:2      | 1351 ||| INVOKING Spit Poison.
  1356 | D:2      | Reached skill level 5 in Ranged Weapons
  1356 | D:2      | Reached XP level 4. HP: 39/39 MP: 4/4
  1394 | D:2      | 1394 ||| INVOKING Spit Poison.
  1400 | D:2      | 1400 ||| INVOKING Spit Poison.
  1414 | D:2      | 1414 ||| INVOKING Spit Poison.
  1464 | D:2      | 1464 ||| INVOKING Spit Poison.
  1592 | D:2      | 1592 ||| INVOKING Spit Poison.
  1733 | D:2      | 1733 ||| INVOKING Spit Poison.
  1738 | D:2      | 1738 ||| INVOKING Spit Poison.
  1744 | D:2      | 1744 ||| INVOKING Spit Poison.
  1845 | D:2      | 1845 ||| INVOKING Spit Poison.
  1854 | D:2      | 1854 ||| UPGRADING to +4 ring of slaying {mikee}.
  1855 | D:2      | 1855 ||| UPGRADING to +6 ring of strength.
  1856 | D:2      | 1856 ||| READING scroll labelled YSTRAY PUEPRAIHEF.
  1857 | D:2      | 1857 ||| READING scroll labelled LEJAITW XIYXKA.
  1904 | D:3      | 1904 ||| INVOKING Spit Poison.
  2005 | D:3      | 2005 ||| INVOKING Spit Poison.
  2023 | D:3      | 2023 ||| INVOKING Spit Poison.
  2082 | D:3      | 2082 ||| INVOKING Spit Poison.
  2180 | D:3      | Identified the +0 chain mail "Somuniomo" {+Blink rF- rN+++}
  2338 | D:3      | 2338 ||| UPGRADING to amulet of faith.
  2343 | D:3      | 2343 ||| READING scroll labelled RUERUE GURCH.
  2344 | D:3      | 2344 ||| READING scroll labelled JOTASECZEK.
  2445 | D:3      | 2445 ||| DRINKING 2 clear potions.
  2468 | D:4      | 2468 ||| PLANNING OSSUARY
  2470 | D:4      | Reached skill level 3 in Fighting
  2471 | D:4      | Noticed Dowan
  2472 | D:4      | 2472 ||| INVOKING Spit Poison.
  2482 | D:4      | 2482 ||| INVOKING Spit Poison.
  2482 | D:4      | Killed Dowan
  2483 | D:4      | Reached XP level 5. HP: 43/49 MP: 5/5
  2483 | D:4      | 2483 ||| FLEEEEING.
  2484 | D:4      | 2484 ||| FLEEEEING.
  2485 | D:4      | 2485 ||| STAIRDANCE
  2507 | D:4      | Noticed Duvessa
  2509 | D:4      | 2509 ||| STAIRDANCE
  2532 | D:4      | 2532 ||| STAIRDANCE
  2534 | D:3      | 2534 ||| INVOKING Spit Poison.
  2534 | D:3      | HP: 3/49 [Duvessa/+2 rapier of speed (17)]
  2535 | D:3      | 2535 ||| READING 3 scrolls of teleportation.
  2535 | D:3      | Demolished by Duvessa

Levels and vault maps discovered:
D:1:      dpeg_arrival_snail, layout_loops_ring
D:2:      layout_loops_corners, uniq_robin
D:3:      layout_basic
D:4:      layout_rooms, marbit_many_paths, enter_ossuary_5, serial_glass,
          glass_columns_b, glass_columns_a, uniq_duvessa, uniq_natasha,
          uniq_eustachio

Skill      XL: |  1  2  3  4 |
---------------+-------------+-----
Ranged Weapons | 4 5 |  5.4
Fighting       | 3 |  3.0
Dodging        | |  1.5
Stealth        | |  1.5

Action                     |  1- 3 |  4- 6 || total
---------------------------+-------+-------++-------
   Fire: Shortbow          |    93 |    56 ||   149
Ability: Spit Poison       |    34 |    16 ||    50
    Use: Scroll            |     3 |     5 ||     8
         Potion            |     1 |     1 ||     2
 Armour: Leather armour    |    13 |     6 ||    19
  Dodge: Dodged            |    26 |    13 ||    39

Table legend:
 A = Non-vault XP
 B = Vault XP
 C = Vault XP percentage of total XP
 D = Non-vault monster count
 E = Vault monster count
 F = Vault count percentage of total count
                 A         B        C        D         E       F
            +---------+---------+-------+---------+---------+-------
      Total |     116 |      96 |  45.3 |      56 |       8 |  12.5
            +---------+---------+-------+---------+---------+-------
        D:1 |      37 |       0 |   0.0 |      20 |       0 |   0.0
        D:2 |      59 |      27 |  31.4 |      25 |       7 |  21.9
        D:3 |      16 |       0 |   0.0 |      10 |       0 |   0.0
        D:4 |       4 |      69 |  94.5 |       1 |       1 |  50.0
            +---------+---------+-------+---------+---------+-------
